 Dungeon Crawl Stone Soup version 0.27-a0-1280-g9d2d252d84 (webtiles) character file.

Game seed: 7861311087844509241

216972 Delamore the Impaler (level 19, -4/154 (155) HPs)
             Began as a Formicid Fighter on June 13, 2021.
             Was an Initiate of Gozag.
             Killed from afar by a merfolk aquamancer (25 damage)
             ... with a torrent of water
             ... on level 4 of the Shoals.
             The game lasted 00:43:42 (43304 turns).

Delamore the Impaler (Formicid Fighter)            Turns: 43304, Time: 00:43:43

HP:   -4/154 (155)  AC: 26    Str: 27    XL:     19   Next: 81%
MP:   19/19         EV: 11    Int: 14    God:    Gozag
Gold: 369           SH: 20    Dex: 13    Spells: 18/18 levels left

rFire    + + .     SeeInvis +   I - +7 demon trident "Bubohar" {elec, rF+}
rCold    + + .     Faith    .   V - +1 kite shield {rC+}
rNeg     + . .     Spirit   .   W - +0 shadow dragon scales
rPois    +         Reflect  +   (helmet unavailable)
rElec    +         Harm     .   P - +2 cloak "Qisagh" {rF+ rC+}
rCorr    .         Rampage  .   h - +2 pair of gloves {Dex+3}
Will     ++...                  O - +1 pair of boots {Fly}
Stlth    ++........             p - amulet "Hiofec" {Reflect rPois SH+5}
HPRegen  0.35/turn              N - ring "Neucazei" {Will+ Slay+4 SInv}
MPRegen  0.16/turn              R - ring "Gucay" {rElec rN+ Int+4}

@: mighty, gold aura, flying, studying Armour, lightly drained
A: permanent stasis, dig shafts and tunnels, antennae 3, four strong arms
}: 1/15 runes: gossamer
a: Dig, Shaft Self, Renounce Religion, Potion Petition, Call Merchant, Bribe
Branch


You were on level 4 of the Shoals.
You worshipped Gozag.
Gozag was aware of your devotion.
You visited 4 branches of the dungeon, and saw 29 of its levels.
You also visited: Gauntlet and Volcano.

You collected 11246 gold pieces.
You spent 3749 gold pieces at shops.
You paid 7128 gold pieces to Gozag.

Inventory:

Hand Weapons
 a - a +3 bardiche of protection
 l - the +7 glaive of Tortfeasance {protect, rCorr}
   (You found it on level 1 of the Lair of Beasts)

   It grants its wielder temporary protection when it strikes (+7 to AC).
   It protects you from acid and corrosion.
 I - the +7 demon trident "Bubohar" (weapon) {elec, rF+}
   (You bought it in a shop on level 9 of the Dungeon)

   Occasionally, upon striking a foe, it can discharge electrical energy and
   cause terrible harm.
   It protects you from fire.
Missiles
 g - 19 javelins
 i - 38 boomerangs
 o - 83 poisoned darts (quivered)
 F - 7 throwing nets
 K - a curare-tipped dart
Armour
 h - a +2 pair of gloves of dexterity (worn)
 O - a +1 pair of boots of flying (worn)
 P - the +2 cloak "Qisagh" (worn) {rF+ rC+}
   (You found it in a Gauntlet)

   It protects you from fire.
   It protects you from cold.
 V - a +1 kite shield of cold resistance (worn)
 W - +0 shadow dragon scales (worn)
Jewellery
 p - the amulet "Hiofec" (around neck) {Reflect rPois SH+5}
   (You acquired it on level 8 of the Dungeon)

   [amulet of reflection]

   It reflects blocked missile attacks.
   It protects you from poison.
   It affects your SH (+5).
 N - the ring "Neucazei" (left hand) {Will+ Slay+4 SInv}
   (You acquired it on level 11 of the Dungeon)

   [ring of slaying]

   It affects your accuracy and damage with ranged weapons and melee attacks
   (+4).
   It lets you see invisible.
   It increases your willpower.
 R - the ring "Gucay" (right hand) {rElec rN+ Int+4}
   (You found it on level 6 of the Lair of Beasts)

   [ring of positive energy]

   It affects your intelligence (+4).
   It insulates you from electricity.
   It protects you from negative energy.
Wands
 k - a wand of paralysis (25)
 u - a wand of flame (51)
 y - a wand of digging (18)
 B - a wand of iceblast (22)
 J - a wand of mindburst (26)
 Q - a wand of polymorph (24)
Scrolls
 c - a scroll of summoning
 j - 6 scrolls of silence
 r - 6 scrolls of amnesia
 v - 6 scrolls of enchant weapon
 A - a scroll of holy word
 C - 4 scrolls of fog
 D - 2 scrolls of immolation
 G - 11 scrolls of identify
 L - 4 scrolls of magic mapping
 M - 2 scrolls of brand weapon
 U - 3 scrolls of enchant armour
Potions
 b - 3 potions of flight
 d - 2 potions of might
 e - a potion of mutation
 f - a potion of cancellation
 m - 7 potions of attraction
 n - 11 potions of curing
 q - 3 potions of magic
 s - 5 potions of ambrosia
 t - a potion of resistance
 w - 2 potions of heal wounds
 z - 4 potions of brilliance
 E - 2 potions of invisibility
Miscellaneous
 S - a tin of tremorstones (2/2)
 T - a lightning rod (4/4)


   Skills:
 - Level 15.0 Fighting
 - Level 20.0 Polearms
 + Level 12.3 Throwing
 - Level 15.0 Armour
 - Level 6.0 Dodging
 - Level 15.0 Shields
 - Level 10.0 Evocations


You had 18 spell levels left.
You didn't know any spells.
Your spell library contained the following spells:

 Spells                   Type           Power      Damage    Failure   Level
 Beastly Appendage        Tmut           0%         N/A       71%         1
 Corona                   Hex            0%         N/A       71%         1
 Foxfire                  Conj/Fire      0%         2x1d4     71%         1
 Magic Dart               Conj           0%         1d3       71%         1
 Sting                    Tmut/Pois      0%         1d3       71%         1
 Summon Small Mammal      Summ           0%         N/A       71%         1
 Call Imp                 Summ           0%         N/A       85%         2
 Poisonous Vapours        Pois/Air       0%         N/A       85%         2
 Slow                     Hex            0%         N/A       85%         2
 Wereblood                Tmut           0%         N/A       85%         2
 Call Canine Familiar     Summ           0%         N/A       97%         3
 Confusing Touch          Hex            0%         N/A       97%         3
 Conjure Flame            Conj/Fire      0%         6-21      97%         3
 Gell's Gravitas          Tloc           0%         N/A       97%         3
 Ignite Poison            Fire/Tmut/Pois 0%         N/A       97%         3
 Inner Flame              Hex/Fire       0%         N/A       97%         3
 Mephitic Cloud           Conj/Pois/Air  0%         N/A       97%         3
 Portal Projectile        Hex/Tloc       0%         N/A       97%         3
 Spider Form              Tmut/Pois      0%         N/A       97%         3
 Summon Guardian Golem    Hex/Summ       0%         N/A       97%         3
 Cause Fear               Hex            0%         N/A       100%        4
 Ice Form                 Ice/Tmut       0%         N/A       100%        4
 Leda's Liquefaction      Hex/Erth       0%         N/A       100%        4
 Olgreb's Toxic Radiance  Pois           0%         N/A       100%        4
 Petrify                  Tmut/Erth      0%         N/A       100%        4
 Sticky Flame             Conj/Fire      0%         2d3       100%        4
 Summon Ice Beast         Ice/Summ       0%         N/A       100%        4
 Summon Lightning Spire   Summ/Air       0%         N/A       100%        4
 Fireball                 Conj/Fire      0%         3d3       100%        5
 Freezing Cloud           Conj/Ice/Air   0%         6-21      100%        5
 Metabolic Englaciation   Hex/Ice        0%         N/A       100%        5
 Summon Forest            Summ/Tloc      0%         N/A       100%        5
 Summon Mana Viper        Hex/Summ       0%         N/A       100%        5
 Yara's Violent Unravell  Hex/Tmut       0%         3d3       100%        5
 Shadow Creatures         Summ           N/A        N/A       100%        6
 Simulacrum               Ice/Necr       0%         N/A       100%        6
 Dragon Form              Tmut           0%         N/A       100%        7
 Malign Gateway           Summ/Tloc      0%         N/A       100%        7
 Ozocubu's Refrigeration  Ice            0%         4d5       100%        7
 Spellforged Servitor     Conj/Summ      0%         N/A       100%        7
 Summon Hydra             Summ           0%         N/A       100%        7
 Blink                    Tloc           Unusable   N/A       N/A         2

Dungeon Overview and Level Annotations

Branches:
Dungeon (15/15)            Temple (0/1) D:6            Lair (6/6) D:11
 Shoals (4/4) Lair:4       Spider (4/4) Lair:4        Slime (0/5) Lair:5
    Orc (0/2) D:11         Vaults (0/5) D:14         Depths (0/5) D:15
Volcano (visited)         Gauntlet (visited)

Altars:
Cheibriados
Dithmenos
Fedhas
Gozag
Hepliaklqana
Trog
Wu Jian
The Shining One

Shops:
D:9 (   D:11 (?[?   Lair:4 ![   Shoals:2 ?

Portals:
Trove: D:12 (give 18 potions of curing)

Annotations:
D:3 3 runed translucent doors, Glokmah's ghost, amateur GrEE


Innate Abilities, Weirdness & Mutations

You cannot be hasted, slowed, berserked, paralysed or teleported.
You can dig through walls and to a lower floor.
You have a pair of large antennae on your head. (SInv)
Your four strong arms can wield two-handed weapons with a shield.


Message History

The merfolk javelineer hits you but does no damage.
You block the merfolk's attack.
The merfolk aquamancer gestures at you while chanting.
The ball of steam hits you. You resist.
* * * LOW HITPOINT WARNING * * *
Okay, then.
Okay, then.
You feel much better.
The wind drake is distracted by your dazzling golden aura.
The merfolk closely misses you.
The merfolk javelineer barely misses you.
You block the merfolk's attack.
The merfolk aquamancer hits you with a +6 rapier of draining.
You partially resist.
You feel drained.
You feel very mighty all of a sudden. You block the merfolk's attack. x2
You block the merfolk javelineer's attack.
A merfolk siren comes into view. It is wielding a +0 trident.
The merfolk aquamancer gestures at you while chanting.
The torrent of water hits you!!!
* * * LOW HITPOINT WARNING * * *
The wave splashes down.
The wind drake hisses angrily.
You hear a shout! x5; You hear an angry hiss.
You hear a shout! x3; You hear a screech! x2
You feel much better.
The wind drake is no longer distracted by gold.
The merfolk hits you but does no damage.
Space warps horribly around you!
* * * LOW HITPOINT WARNING * * *
The merfolk javelineer is distracted by your dazzling golden aura.
The merfolk closely misses you.
The merfolk is distracted by your dazzling golden aura. x2
The water elemental is engulfed in a cloud of scalding steam.
The merfolk is engulfed in a cloud of scalding steam.
You block the merfolk's attack.
The merfolk aquamancer is engulfed in a cloud of scalding steam.
The merfolk aquamancer gestures at you while chanting.
The torrent of water hits you!!
You die...
Your body crumbles into a pile of gold.

+##≈≈≈≈≈≈...≈≈≈
≈≈≈≈≈≈≈≈≈.≈≈≈≈≈
≈≈≈≈≈≈≈≈≈.≈≈≈≈≈≈≈≈≈≈≈≈.≈≈≈≈≈
≈≈≈≈≈≈≈≈≈≈≈≈≈≈≈≈≈≈≈≈≈≈≈≈≈≈≈≈
≈≈.≈≈≈≈≈≈≈≈≈≈{≈ ≈≈≈≈≈≈≈≈≈≈≈≈
≈≈≈≈≈≈≈≈≈≈≈≈≈#####≈≈≈≈≈≈≈≈≈≈
≈≈≈≈≈≈≈≈≈≈≈≈##≈≈≈##{≈≈≈≈≈≈≈≈
≈≈≈≈≈≈≈≈≈≈≈≈#≈?≈@m#mk≈≈≈≈≈≈≈
≈≈≈≈≈≈≈≈≈≈≈≈#≈§}§E§mm≈≈≈≈≈≈≈
#####≈≈≈≈≈≈#≈≈≈§m#≈≈≈≈≈≈≈≈≈
##≈≈≈##≈≈≈≈≈##≈≈≈##≈≈≈≈≈≈≈≈≈
#≈≈≈≈≈#≈≈≈≈≈≈#####≈≈≈≈≈≈≈≈≈≈
#≈≈≈≈≈#≈≈≈≈≈≈≈≈≈≈≈≈≈≈≈≈≈≈≈≈≈
#≈≈≈≈≈#≈≈≈≈≈≈≈≈≈≈≈≈≈≈≈≈≈≈≈≈≈
##≈≈≈##≈≈≈≈≈≈≈≈≈≈≈≈≈≈≈≈≈≈≈≈≈
.##'##≈≈≈≈≈≈≈≈≈≈≈≈≈≈≈≈≈≈≈≈≈≈


You could see a merfolk aquamancer, 3 merfolk and a water elemental.

Vanquished Creatures
  A kraken (Shoals:2)
  Frances (D:12)
  Gastronok (Lair:1)
  6 ghost moths
  2 emperor scorpions
  5 dire elephants
  3 entropy weavers
  A minotaur (Gauntlet)
  3 merfolk javelineers
  4 spark wasps
  An ettin (D:15)
  5 merfolk impalers
  6 boulder beetles
  9 hydras
  Erolcha (D:13)
  3 centaur warriors
  A death knight (D:15)
  4 two-headed ogres
  3 merfolk aquamancers
  Erica (Lair:1)
  An alligator (Lair:6)
  A merfolk avatar (Shoals:1)
  2 alligator snapping turtles
  A tengu warrior (Gauntlet)
  8 death yaks
  A skeletal warrior (D:15)
  9 sea snakes
  3 deep trolls
  A hell knight (D:15)
  An iron troll (D:9)
  A spectral anaconda (Lair:6)
  2 spectral death yaks (Lair:6)
  19 harpies
  2 lindwurms (Volcano)
  4 necromancers
  22 orb spiders
  3 wizards
  2 deep elf pyromancers (D:14)
  An obsidian statue (Lair:6)
  2 oklob plants (Lair:1)
  15 fauns
  37 wolf spiders
  8 manticores
  8 cyclopes
  3 moths of wrath
  7 ugly things
  A moth of wrath (shapeshifter) (D:15)
  33 elephants
  5 black mambas
  7 merfolk sirens
  A toenail golem (Volcano)
  5 water nymphs
  3 molten gargoyles (Volcano)
  2 torpor snails
  7 cane toads
  2 gargoyles
  12 demonic crawlers
  6 rime drakes (Lair:6)
  A freezing wraith (D:15)
  A dire elephant skeleton (Lair:6)
  A kobold demonologist (D:10)
  3 efreet
  11 komodo dragons
  4 tengu conjurers
  52 jumping spiders
  2 polar bears (shapeshifter)
  18 merfolk
  10 trolls
  5 wind drakes
  3 meliai (D:13)
  Grinder (D:3)
  Prince Ribbit (D:6)
  10 hornets
  16 blink frogs
  4 slime creatures (D:13)
  6 dream sheep
  6 spectral elephants (Lair:6)
  5 snapping turtles
  3 shadows
  Sigmund (D:2)
  90 redbacks
  35 tarantellas
  A vampire (D:11)
  13 wyverns
  8 water elementals
  50 yaks
  3 wraiths
  9 vampire mosquitoes
  6 fire elementals (Volcano)
  Grum (D:11)
  Eustachio (D:5)
  11 basilisks
  Menkaure (D:7)
  4 spectral cane toads (Lair:6)
  A death yak simulacrum (Lair:6)
  2 acid dragons
  14 water moccasins
  A hell hound (Lair:6)
  A sky beast (D:7)
  4 orc warriors
  A black bear (D:5)
  2 ice beasts (D:5)
  2 elephant zombies (Lair:6)
  A necrophage (D:5)
  2 ogres
  16 wolves
  16 centaurs
  4 phantoms
  2 elephant skeletons (Lair:6)
  2 kobold brigands
  Blork the orc (D:4)
  2 scorpions
  11 bullfrogs
  3 gnoll sergeants
  2 earth elementals (Volcano)
  A wyvern zombie (D:8)
  A wyvern skeleton (D:7)
  2 water moccasin skeletons
  3 killer bees (D:9)
  3 elephant simulacra (Lair:6)
  8 electric eels
  12 howler monkeys
  4 wights (D:10)
  4 centaur zombies
  14 jellies
  Crazy Yiuf (D:6)
  4 orc priests
  A gnoll shaman (D:8)
  3 hounds (D:6)
  2 iguanas
  An orc wizard (D:9)
  9 hell rats
  A killer bee zombie (D:8)
  6 ogre zombies (D:11)
  A hound skeleton (D:5)
  7 adders
  15 gnolls
  A howler monkey skeleton (D:4)
  A white imp (D:8)
  An ufetubus (D:5)
  An adder skeleton (D:4)
  2 dart slugs
  41 orcs
  6 bats
  12 endoplasms
  5 giant cockroaches
  6 goblins
  9 hobgoblins
  8 jackals
  2 quokkas
  7 ball pythons
  4 frilled lizards
  4 goblin skeletons (D:11)
  A goblin zombie (D:11)
  3 hobgoblin zombies (D:11)
  A jackal skeleton (D:4)
  23 kobolds
  5 orc skeletons (D:11)
  6 orc zombies (D:11)
  6 rats
  2 fire vortices (Volcano)
  6 tentacles (Shoals:2)
1062 creatures vanquished.

Vanquished Creatures (others)
  A demonic crawler (Spider:1)
  26 fungi
  67 plants
  7 tentacles (Shoals:2)
  19 withered plants
120 creatures vanquished.

Grand Total: 1182 creatures vanquished

Notes
Turn   | Place    | Note
-------+----------+-------------------------------------------
     0 | D:1      | Delamore the Formicid Fighter began the quest for the Orb.
     0 | D:1      | Reached XP level 1. HP: 18/18 MP: 1/1
   130 | D:1      | Reached XP level 2. HP: 21/24 MP: 2/2
   465 | D:1      | Reached XP level 3. HP: 30/30 MP: 3/3
   567 | D:1      | Reached skill level 3 in Polearms
  1062 | D:2      | Noticed Sigmund
  1302 | D:2      | Killed Sigmund
  1303 | D:2      | Reached skill level 4 in Polearms
  1303 | D:2      | Reached XP level 4. HP: 38/38 MP: 4/4
  1303 | D:2      | Reached XP level 5. HP: 43/43 MP: 5/5
  1384 | D:2      | Found a faded altar of an unknown god.
  1405 | D:2      | Reached XP level 6. HP: 49/49 MP: 6/6
  1411 | D:2      | Found an opulent altar of Gozag.
  1459 | D:2      | Became a worshipper of Gozag Ym Sagoz the Greedy
  2196 | D:3      | Reached skill level 5 in Polearms
  2420 | D:3      | Identified a scroll of acquirement
  2420 | D:3      | Acquired a manual of Polearms
  2460 | D:3      | Reached skill level 5 in Fighting
  2763 | D:3      | Found a runed translucent gate.
  2763 | D:3      | Noticed Grinder
  2782 | D:3      | Found a runed translucent gate.
  2972 | D:3      | Killed Grinder
  2973 | D:3      | Reached skill level 7 in Polearms
  2973 | D:3      | Reached XP level 7. HP: 20/56 MP: 7/7
  3265 | D:3      | Found a runed translucent gate.
  3351 | D:3      | Noticed Glokmah's ghost (amateur GrEE)
  3809 | D:4      | Reached skill level 8 in Polearms
  4031 | D:4      | Reached skill level 9 in Polearms
  4215 | D:4      | Noticed Blork the orc
  4226 | D:4      | Killed Blork the orc
  4227 | D:4      | You fall into a shaft and drop 1 floor!
  4227 | D:5      | Entered Level 5 of the Dungeon
  4340 | D:5      | Reached XP level 8. HP: 61/62 MP: 8/8
  4370 | D:4      | Reached skill level 10 in Polearms
  4786 | D:5      | Reached skill level 11 in Polearms
  4951 | D:5      | Found a bloodstained altar of Trog.
  5095 | D:5      | Reached skill level 12 in Polearms
  5257 | D:5      | Reached XP level 9. HP: 32/68 MP: 9/9
  5678 | D:6      | Noticed Eustachio
  5694 | D:5      | Reached skill level 13 in Polearms
  5709 | D:5      | Killed Eustachio
  6467 | D:6      | Found a runed translucent door.
  6468 | D:6      | Noticed Crazy Yiuf
  6525 | D:6      | Acquired a +3 bardiche of protection
  6546 | D:6      | Found a staircase to the Ecumenical Temple.
  6795 | D:6      | Noticed Prince Ribbit
  6812 | D:6      | Killed Prince Ribbit
  6813 | D:6      | Reached skill level 14 in Polearms
  6813 | D:6      | Reached skill level 1 in Throwing
  6930 | D:6      | Killed Crazy Yiuf
  7057 | D:6      | Found an ornate altar of the Wu Jian Council.
  7057 | D:6      | Found a blossoming altar of Fedhas.
  7060 | D:6      | Found a glowing golden altar of the Shining One.
  7138 | D:7      | Noticed Menkaure
  7142 | D:7      | Killed Menkaure
  7302 | D:7      | Reached XP level 10. HP: 74/74 MP: 10/10
  7314 | D:7      | Reached skill level 5 in Shields
  7461 | D:7      | Reached skill level 5 in Armour
  9149 | D:8      | Reached skill level 5 in Throwing
  9703 | D:8      | Acquired the amulet "Hiofec" {Reflect rPois SH+5}
 10012 | D:8      | Found a snail-covered altar of Cheibriados.
 10325 | D:9      | Found a shadowy altar of Dithmenos.
 10326 | D:9      | Found a hazy altar of Hepliaklqana.
 10549 | D:9      | Reached skill level 1 in Dodging
 11022 | D:9      | Noticed a two-headed ogre
 11063 | D:9      | Killed a two-headed ogre
 11064 | D:9      | Reached XP level 11. HP: 39/83 MP: 11/11
 11809 | D:9      | Noticed a deep troll
 11823 | D:9      | Killed a deep troll
 11824 | D:9      | Reached skill level 5 in Dodging
 11960 | D:9      | Noticed an iron troll
 12052 | D:9      | Killed an iron troll
 12820 | D:9      | Bought the +7 demon trident "Bubohar" {elec, rF+} for 1211
                  | gold pieces
 12836 | D:10     | Entered Level 10 of the Dungeon
 12836 | D:10     | Found Jeenuah's Antique Armour Emporium.
 12854 | D:10     | Reached skill level 1 in Evocations
 13093 | D:10     | Reached XP level 12. HP: 74/96 MP: 12/12
 13643 | D:11     | Reached skill level 10 in Fighting
 13645 | D:11     | Noticed a two-headed ogre
 13651 | D:11     | Killed a two-headed ogre
 13652 | D:11     | Reached skill level 5 in Evocations
 13732 | D:11     | Found a staircase to the Orcish Mines.
 13906 | D:11     | Noticed Grum
 13910 | D:11     | Killed Grum
 14538 | D:11     | Found a staircase to the Lair.
 14787 | D:11     | Identified the +8 quarterstaff "Onnathug" {pain, rC+}
 14834 | D:11     | Found Yssem's Antique Weapon Boutique.
 15370 | D:11     | Bought a scroll of acquirement for 572 gold pieces
 15370 | D:11     | Acquired the ring "Neucazei" {Will+ Slay+4 SInv}
 15379 | Lair:1   | Entered Level 1 of the Lair of Beasts
 16233 | Lair:1   | Identified the +7 glaive of Tortfeasance {protect, rCorr}
 16294 | Lair:1   | Reached skill level 10 in Evocations
 16609 | Lair:1   | Noticed Gastronok
 16611 | Lair:1   | Noticed an eight-headed hydra
 16619 | Lair:1   | Killed an eight-headed hydra
 16629 | Lair:1   | Killed Gastronok
 16630 | Lair:1   | Reached XP level 13. HP: 82/103 MP: 13/13
 16794 | Lair:1   | Noticed Erica
 16797 | Lair:1   | Killed Erica
 16955 | Lair:1   | Noticed a four-headed hydra
 16960 | Lair:1   | Killed a four-headed hydra
 17394 | D:11     | Bought a scroll of identify for 22 gold pieces
 17394 | D:11     | Bought a scroll of brand weapon for 220 gold pieces
 17394 | D:11     | Bought a scroll of identify for 22 gold pieces
 17394 | D:11     | Bought a scroll of identify for 22 gold pieces
 17394 | D:11     | Bought a scroll of identify for 22 gold pieces
 18719 | Lair:3   | Reached skill level 10 in Shields
 19309 | Lair:3   | Identified the +4 ring mail of Floral Curiosity {Regen+
                  | Dex+3}
 19425 | Lair:4   | Reached XP level 14. HP: 110/110 MP: 14/14
 19440 | Lair:4   | Found a dark tunnel.
 19445 | Volcano  | Entered a volcano
 20029 | Lair:4   | Found a staircase to the Shoals.
 20090 | Lair:4   | Reached skill level 10 in Armour
 20339 | Lair:4   | Reached skill level 10 in Throwing
 20341 | Lair:4   | Found a hole to the Spider Nest.
 21699 | Lair:5   | Found a staircase to the Slime Pits.
 22122 | Lair:6   | Entered Level 6 of the Lair of Beasts
 22285 | Lair:6   | Reached XP level 15. HP: 107/116 MP: 15/15
 23435 | Lair:6   | Found the +2 ratskin cloak {*Rats rPois rN+ Str-1 Int-1
                  | Dex+1}
 23830 | Lair:6   | Reached skill level 15 in Polearms
 24075 | Lair:6   | Reached skill level 15 in Shields
 24095 | Lair:6   | HP: 6/120 [dire elephant (29)]
 24461 | Lair:6   | Identified the ring "Gucay" {rElec rN+ Int+4}
 24976 | D:11     | Bought a scroll of magic mapping for 63 gold pieces
 24978 | D:11     | Bought a pair of runed gloves for 255 gold pieces
 25069 | D:12     | Reached XP level 16. HP: 124/128 MP: 16/16
 25189 | D:12     | Noticed Frances
 25203 | D:12     | Killed Frances
 26025 | D:12     | Found a portal to a secret trove of treasure.
 26208 | D:13     | You are sucked into a shaft and drop 2 floors!
 26208 | D:15     | Entered Level 15 of the Dungeon
 26241 | D:15     | Found a staircase to the Depths.
 26492 | D:15     | Found a bloodstained altar of Trog.
 26537 | D:14     | Found a gate leading to a gauntlet.
 26546 | Gauntlet | Entered a Gauntlet
 26546 | Gauntlet | Found a transporter.
 26546 | Gauntlet | Found a transporter.
 26546 | Gauntlet | Found a transporter.
 26548 | Gauntlet | Found a transporter.
 26552 | Gauntlet | Found a transporter.
 26565 | Gauntlet | Found a transporter.
 26575 | Gauntlet | Found a transporter.
 26579 | Gauntlet | Found a transporter.
 26582 | Gauntlet | Found a transporter.
 26582 | Gauntlet | Found a transporter.
 26603 | Gauntlet | Found a transporter.
 26626 | Gauntlet | Found a transporter.
 26825 | Gauntlet | Identified the ring of Sotiawuq {Wiz *Corrode rElec rPois
                  | Str+5}
 26977 | Gauntlet | Identified the ring "Hithrivodi" {Dex+6 SInv}
 27108 | Gauntlet | Identified the +2 cloak "Qisagh" {rF+ rC+}
 27131 | Gauntlet | Identified the +1 great sword of Cavit {antimagic, Int+4}
 27143 | Gauntlet | Identified Mederyra's Intricacies of the Arcane Arts
 27180 | D:14     | Reached skill level 16 in Polearms
 27351 | D:14     | Found a gate to the Vaults.
 27841 | D:13     | Noticed Erolcha
 27846 | D:13     | Killed Erolcha
 29684 | Spider:1 | Entered Level 1 of the Spider Nest
 29812 | Lair:4   | Bought a potion of curing for 51 gold pieces
 29812 | Lair:4   | Bought a potion of curing for 51 gold pieces
 29812 | Lair:4   | Bought a potion of curing for 51 gold pieces
 29812 | Lair:4   | Bought a potion of might for 68 gold pieces
 29812 | Lair:4   | Bought a potion of cancellation for 136 gold pieces
 29843 | Spider:1 | Reached XP level 17. HP: 83/140 MP: 17/17
 30573 | Spider:1 | Reached skill level 17 in Polearms
 32255 | Spider:2 | Reached skill level 18 in Polearms
 32424 | Spider:2 | You are sucked into a shaft and drop 1 floor!
 34643 | Spider:3 | Reached skill level 19 in Polearms
 34673 | Spider:3 | Reached XP level 18. HP: 107/147 MP: 18/18
 35390 | Spider:4 | Entered Level 4 of the Spider Nest
 36492 | Spider:4 | HP: 6/147 [wolf spider (11)]
 37505 | Spider:4 | Reached skill level 15 in Fighting
 37540 | Spider:4 | Reached skill level 20 in Polearms
 38050 | Spider:4 | Got a gossamer rune of Zot
 38263 | Shoals:1 | Entered Level 1 of the Shoals
 38592 | Shoals:1 | Reached XP level 19. HP: 141/155 MP: 19/19
 39448 | Shoals:1 | Identified the ring "Firea" {Fly Will- Int+6 Stlth+}
 39639 | Lair:4   | Bought a shiny kite shield for 217 gold pieces
 40057 | Shoals:2 | Found Ponab's Magic Scroll Emporium.
 41534 | Shoals:2 | Bought a scroll of acquirement for 676 gold pieces
 41534 | Shoals:2 | Bought a scroll of magic mapping for 45 gold pieces
 41534 | Shoals:2 | Bought a scroll of magic mapping for 45 gold pieces
 41535 | Shoals:2 | Acquired a manual of Armour
 43072 | Shoals:4 | Entered Level 4 of the Shoals
 43078 | Shoals:4 | Reached skill level 15 in Armour
 43302 | Shoals:4 | HP: 7/154 [merfolk aquamancer/torrent of water (40)]
 43304 | Shoals:4 | Killed from afar by a merfolk aquamancer

Illustrated notes

Levels and vault maps discovered:
D:1:      dpeg_arrival_more_subterranean_lakeside_camping, layout_loops_cross,
          minmay_split_cup_large
D:2:      minmay_kobold_bridge, layout_basic, hellmonk_ecumenical_altar_zigzags,
          basic_altar, uniq_sigmund
D:3:      layout_loops_cross, ebering_ghost_rock_garden, uniq_grinder
D:4:      corexii_shack_village, layout_basic, serial_park_tiny_1,
          uniq_blork_the_orc
D:5:      minmay_evil_eye, layout_cave_pools, trog_three_pillars_becter
D:6:      layout_rooms, nicolae_overflow_hidden_temple,
          minmay_temple_entry_wispy, uniq_eustachio, uniq_prince_ribbit1,
          uniq_crazy_yiuf_cottage
D:7:      layout_gridville, serial_co_window_serial, co_window_paths_a,
          co_window_paths_a, co_window_corner_a, co_window_paths_b,
          co_window_paths_b, co_window_of_opportunity_a,
          co_window_unsneaky_path_c, co_window_corner_b, co_window_broadway_b,
          co_window_broadway_b, co_window_paths_d, glass_columns_b,
          chequers_serial_rivers_small_b, columned_hall_lemuel,
          dk_noncrumbling_2, uniq_menkaure
D:8:      layout_layer_cave, lemuel_doored_altar
D:9:      lemuel_troll_bridge, layout_basic, riverfiend_overflow_shadow_ancestor
D:10:     layout_roguey [special_room_orc], serial_shops, shop
D:11:     layout_irregular_city, erik_lair_dragon, zombieorc1_lemuel,
          serial_shops, kennysheep_mini, uniq_grum
D:12:     layout_irregular_city, enter_trove_3, minmay_tree_intersection,
          uniq_frances
D:13:     layout_long_grid, uniq_erolcha
D:14:     layout_small_grid, david_vaults_1, gauntlet_entry_generic,
          small_statue_intersection
D:15:     hangedman_depths_entry_civil_slaughter, layout_basic,
          lemuel_crystal_altar, minmay_misc_feat_nine_boxes,
          lemuel_flamethrower_hall
Lair:1:   layout_roguey, minivault_27, grunt_forest_small_clearings,
          minmay_lair_oklob_chamber, infiniplex_staircase_pool, uniq_gastronok,
          uniq_erica
Lair:2:   layout_regular_city, serial_bayou, serial_bayou_pond_e,
          serial_bayou_crossing, serial_bayou_lake_a, serial_bayou_ford_a,
          serial_bayou_pond_b
Lair:3:   layout_regular_city, infiniplex_staircase_pool_2, grunt_megastairs_4,
          lemuel_fruit_tree
Lair:4:   layout_misc_corridors, minmay_shoals_entry_centaurs,
          spider_nest_entry_webs, enter_volcano_4, serial_bayou_lagoon_b
Lair:5:   layout_gridlike, minmay_slime_entry_jelly_boxes, minivault_27,
          lemuel_fruit_fields
Lair:6:   due_jungle_book, layout_misc_corridors, special_room
          [special_room_mythical_zoo]
Shoals:1: layout_shoals
Shoals:2: layout_shoals, serial_shops, shop
Shoals:3: layout_shoals, nicolae_shoals_cliffside_cave
Shoals:4: shoals_end_simple, layout_shoals, shoals_ilsuiw_alternative,
          lemuel_altar_in_water, uniq_kirke
Spider:1: layout_spider_delve, guppyfry_spider_mini_2
Spider:2: layout_spider_delve, nicolae_spider_cling_halls
Spider:3: layout_spider_delve, nicolae_spider_shape
Spider:4: grunt_spider_rune_parallel

Skill      XL: |  1  2  3  4  5  6  7  8  9 10 11 12 13 14 15 16 17 18 19 |
---------------+----------------------------------------------------------+-----
Polearms       | 4 7 9 12 14 15 16 19 20 | 20.0
Fighting       | 4 5 6 9 10 12 14 15 | 15.0
Throwing       | 2 6 8 10 12 | 12.3
Armour         | 4 6 9 10 12 15 | 15.0
Shields        | 4 7 10 13 15 | 15.0
Dodging        | 3 6 |  6.0
Evocations     | 3 10 | 10.0

Action                   |  1- 3 |  4- 6 |  7- 9 | 10-12 | 13-15 | 16-18 | 19-21 || total
-------------------------+-------+-------+-------+-------+-------+-------+-------++-------
Melee: Trident           |   101 |   127 |   364 |   331 |       |       |       ||   923
       Demon trident     |       |       |       |   296 |   961 |   427 |   420 ||  2104
       Glaive            |       |       |       |       |       |   864 |       ||   864
Throw: Dart              |       |       |       |    41 |       |       |    47 ||    88
       Boomerang         |       |       |       |    32 |       |    22 |       ||    54
Invok: Call Merchant     |       |       |       |     2 |     2 |     1 |     1 ||     6
       Potion Petition   |       |       |       |       |     1 |     1 |       ||     2
 Abil: Dig               |       |       |     5 |    15 |     6 |    13 |       ||    39
Evoke: Wand              |       |       |     2 |    12 |     2 |     3 |     2 ||    21
  Use: Scroll            |     6 |     4 |     8 |     6 |     5 |     4 |     1 ||    34
       Potion            |       |       |       |       |     2 |     6 |     3 ||    11
 Stab: Distracted        |       |       |       |     6 |     2 |    12 |     1 ||    21
       Sleeping          |       |       |       |       |       |       |     1 ||     1
Armor: Scale mail        |    38 |     8 |       |       |       |       |       ||    46
       Chain mail        |       |    43 |   163 |    87 |       |       |       ||   293
       Plate armour      |       |       |       |    39 |   135 |   487 |       ||   661
       Shadow dragon sca |       |       |       |       |       |   252 |    72 ||   324
Dodge: Dodged            |    28 |    38 |    64 |    88 |   132 |   447 |    58 ||   855
Block: Kite shield       |    42 |    66 |   150 |   231 |   415 |  1269 |   280 ||  2453
       Reflection        |       |       |       |    10 |     3 |    25 |    53 ||    91

Table legend: (Time is in decaauts)
 A = Elapsed time spent in this place.
 B = Non-inter-level travel time spent in this place.
 C = Inter-level travel time spent in this place.
 D = Time resting spent in this place.
 E = Time spent auto-exploring this place.
 F = Levels seen in this place.
 G = Mean time per level.
                   A        B        C        D        E       F      G
               +--------+--------+--------+--------+--------+-----+--------+
         Total |  42261 |  40374 |   1887 |   9488 |  24284 |  31 | 1363.3 |
       Dungeon |  19161 |  17984 |   1177 |   2965 |  12230 |  15 | 1277.4 |
          Lair |   9399 |   8999 |    400 |   2187 |   5615 |   6 | 1566.5 |
        Shoals |   4802 |   4625 |    177 |    467 |   3417 |   4 | 1200.5 |
   Spider Nest |   7848 |   7716 |    132 |   3584 |   2765 |   4 | 1962.0 |
       Volcano |    469 |    469 |      0 |     70 |    256 |   1 |  469.0 |
      Gauntlet |    580 |    580 |      0 |    213 |      1 |   1 |  580.0 |
               +--------+--------+--------+--------+--------+-----+--------+

Top non-repeatable levels by time:
Spider:2: 2685 daAuts
     D:9: 2458 daAuts
Spider:3: 2204 daAuts
  Lair:6: 2135 daAuts
  Lair:1: 2049 daAuts
    D:11: 1940 daAuts
     D:7: 1768 daAuts
Shoals:1: 1650 daAuts
  Lair:5: 1631 daAuts
Spider:1: 1610 daAuts
     D:5: 1575 daAuts
  Lair:4: 1534 daAuts
Shoals:2: 1480 daAuts
Shoals:3: 1459 daAuts
     D:8: 1414 daAuts
